 Dungeon Crawl Stone Soup version 0.31-a0-117-g42d8f58691 (webtiles) character file.

Game seed: 18439102813280036932

331 hikkokomori the Magician (level 6, -3/35 HPs)
             Began as a Deep Elf Air Elementalist on May 31, 2023.
             Killed by divine providence
             ... invoked by an orc priest
              (13 damage)
             ... on level 4 of the Dungeon.
             The game lasted 00:05:49 (2983 turns).

hikkokomori the Magician (DEAE)                     Turns: 2983, Time: 00:05:51

Health: -3/35      AC:  3    Str:  5    XL:     6   Next: 26%
Magic:  5/15       EV: 12    Int: 22    God:
Gold:   151        SH:  0    Dex: 15    Spells: 4/14 levels left

rFire   . . .        d - +0 dagger (flame)
rCold   . . .        (no shield)
rNeg    . . .        a - +1 robe
rPois   .            (no helmet)
rElec   .            (no cloak)
rCorr   .            (no gloves)
SInv    .            (no boots)
Will    .....        (no amulet)
Stlth   +++          (no ring)
HPRegen 0.25/turn    (no ring)
MPRegen 0.14/turn

%: no passive effects
@: no status effects
A: no striking features
a: no special abilities


You were on level 4 of the Dungeon.
You visited 1 branch of the dungeon, and saw 4 of its levels.

You collected 151 gold pieces.

Inventory:

Hand Weapons
 d - a +0 dagger of flaming (weapon)
Missiles
 l - 4 silver javelins
Armour
 a - a +1 robe (worn)
Jewellery
 e - a ring of protection from fire
 h - a +6 ring of strength
Wands
 m - a wand of paralysis (2)
Potions
 b - a potion of magic
 g - 3 potions of curing
 i - a potion of heal wounds
 n - a potion of enlightenment
 o - a potion of haste {unknown}


   Skills:
 + Level 2.1 Fighting
 - Level 2.4 Dodging
 + Level 4.4 Stealth
 + Level 4.7 Spellcasting
 + Level 3.1 Conjurations
 + Level 4.1 Air Magic


You had 4 spell levels left.
You knew the following spells:

 Your Spells              Type           Power      Damage    Failure   Level
a - Shock                 Conj/Air       84%        1d8       2%          1
b - Swiftness             Air            23%        N/A       6%          3
c - Searing Ray           Conj           38%        2d5       4%          2
d - Airstrike             Air            11%        2d(2-18)  19%         4

Your spell library contained the following spells:

 Spells                   Type           Power      Damage    Failure   Level
 Magic Dart               Conj           76%        1d6       3%          1
 Static Discharge         Conj/Air       42%        2-4/arc   3%          2
 Apportation              Tloc           10%        N/A       11%         1
 Lesser Beckoning         Tloc           10%        N/A       16%         2
 Gell's Gravitas          Tloc           5%         N/A       30%         3
 Teleport Other           Tloc           5%         N/A       30%         3
 Fulminant Prism          Conj/Hex       6%         3d7       47%         4
 Alistair's Intoxication  Tmut/Pois      3%         N/A       96%         5


Dungeon Overview and Level Annotations

Branches:
Dungeon (4/15)
 Temple: D:4-7

Altars:
Cheibriados
Uskayaw


Message History

You hit the endoplasm but do no damage. The endoplasm closely misses you.
Unknown command.
You swap places.
Your jackal bites the endoplasm.
The endoplasm hits your jackal.
You swap places.
Your jackal bites the endoplasm but does no damage.
The endoplasm hits your jackal.
You swap places.
Your jackal bites the endoplasm.
The endoplasm hits your jackal but does no damage.
Your jackal bites the endoplasm.
You swap places.
Your jackal bites the endoplasm.
The endoplasm misses your jackal.
You swap places.
Your jackal bites the endoplasm.
The endoplasm dies!
You swap places.
You swap places.
You swap places.
Your jackal dissolves into shadows!
Your jackal dissolves into shadows!
An orc comes into view. It is wielding a +0 club.
Your quokka closely misses the orc.
You hear the slow rusting of a very distant drain.
Your quokka barely misses the orc.
You closely miss the orc.
Your quokka dissolves into shadows!
Your quokka barely misses the orc.
The orc hits you with a +0 club.
* * * LOW HITPOINT WARNING * * *
Unknown command.
You hit the orc. You burn the orc.
The orc is moderately wounded.
Your quokka closely misses the orc.
An orc priest comes into view. It is wielding a +0 whip.
The orc closely misses you.
An orc comes into view. It is wielding a +0 club.
The orc shouts!
You hear a shout!
Your quokka barely misses the orc.
An orc wizard comes into view. It is wielding a +0 dagger.
The orc priest calls down the wrath of Beogh upon you.
Beogh smites you!
You die...

. #. ##
.#oo##.
.......### ..#
..##.o.#
.....###r@#
....# ##.#
#.#.# #.#
#####.#.# #.#
........# #.#
#.....# #.#
###....<####.#
#........†...#
#.#.....######


You could see an orc priest, an orc wizard, an orc (ally target) and a friendly
quokka (summoned).

Vanquished Creatures
  A phantom (D:4)
  2 hounds (D:4)
  A jelly (D:2)
  An orc priest (D:4)
  An orc wizard (D:3)
  4 adders (D:3)
  3 worms
  A dart slug (D:1)
  6 orcs
  7 ball pythons
  2 bats
  5 endoplasms
  A giant cockroach (D:4)
  8 goblins
  4 hobgoblins
  3 quokkas
  6 frilled lizards
  4 kobolds
  4 rats
64 creatures vanquished.

Vanquished Creatures (collateral kills)
  An endoplasm (D:4)
1 creature vanquished.

Grand Total: 65 creatures vanquished

Notes
Turn   | Place    | Note
-------+----------+-------------------------------------------
     0 | D:1      | hikkokomori the Deep Elf Air Elementalist began the quest
                  | for the Orb.
     0 | D:1      | Reached XP level 1. HP: 10/10 MP: 6/6
   192 | D:1      | Reached XP level 2. HP: 16/16 MP: 5/8
   579 | D:1      | Found a faded altar of an unknown god.
  1034 | D:2      | Reached XP level 3. HP: 20/20 MP: 5/9
  1083 | D:2      | Reached skill level 1 in Fighting
  1626 | D:3      | Reached XP level 4. HP: 25/25 MP: 9/11
  2276 | D:3      | Found a hide-covered altar of Uskayaw.
  2279 | D:3      | Found a snail-covered altar of Cheibriados.
  2296 | D:3      | Reached XP level 5. HP: 29/29 MP: 7/13
  2780 | D:3      | Learned a level 3 spell: Swiftness
  2783 | D:3      | Learned a level 2 spell: Searing Ray
  2788 | D:3      | Learned a level 4 spell: Airstrike
  2815 | D:4      | Noticed an ogre
  2930 | D:4      | Noticed a phantom
  2948 | D:4      | Killed a phantom
  2949 | D:4      | Reached XP level 6. HP: 7/35 MP: 0/15
  2983 | D:4      | Killed from afar by an orc priest

Illustrated notes

Levels and vault maps discovered:
D:1:      dpeg_arrival_line_fractal, layout_rooms, basic_ecumenical_altar,
          minmay_3d_cube
D:2:      layout_rooms, nicolae_wormholes
D:3:      layout_loops_ring, nicolae_overflow_squiral
D:4:      layout_loops_ring, minmay_temple_entry_ruins, portal_sewer_entry_f,
          serial_shops, shop, serial_aquarium, aquarium_bridge_straight
          [aquarium_subvault_bridge, aquarium_subvault_wall,
          aquarium_subvault_bridge, aquarium_subvault_balcony],
          aquarium_window_2, aquarium_window_fake, aquarium_window_1,
          aquarium_window_1, aquarium_view_2c, aquarium_view_2c

Skill      XL: |  1  2  3  4  5 |
---------------+----------------+-----
Fighting       | 1 2 |  2.1
Stealth        | 3 4 |  4.4
Conjurations   | 2 3 |  3.1
Spellcasting   | 4 |  4.7
Air Magic      | 4 |  4.1
Dodging        | |  2.4

Action                     |  1- 3 |  4- 6 || total
---------------------------+-------+-------++-------
  Melee: Dagger            |     1 |     8 ||     9
   Cast: Shock             |    64 |    72 ||   136
         Searing Ray       |       |     3 ||     3
         Airstrike         |       |     1 ||     1
    Use: Scroll            |     3 |     4 ||     7
 Armour: Robe              |     3 |     5 ||     8
  Dodge: Dodged            |     5 |    16 ||    21

Table legend: (Time is in decaauts)
 A = Elapsed time spent in this place.
 B = Non-inter-level travel time spent in this place.
 C = Inter-level travel time spent in this place.
 D = Time resting spent in this place.
 E = Time spent auto-exploring this place.
 F = Levels seen in this place.
 G = Mean time per level.
                   A        B        C        D        E       F      G
               +--------+--------+--------+--------+--------+-----+--------+
         Total |   2983 |   2916 |     67 |    195 |   2355 |   4 |  745.8 |
       Dungeon |   2983 |   2916 |     67 |    195 |   2355 |   4 |  745.8 |
               +--------+--------+--------+--------+--------+-----+--------+

Top non-repeatable levels by time:
     D:3: 1310 daAuts
     D:1: 901 daAuts
     D:2: 702 daAuts
     D:4: 68 daAuts
